 Dungeon Crawl Stone Soup version 0.29.0-10-g45618ea6d2 (webtiles) character file.

Game seed: 17610143765237111130

7 soylentgreeen202 the Cudgeller (level 2, -1/26 HPs)
             Began as a Meteoran Chaos Knight on Sept 2, 2022.
             Was a Plaything of Xom.
             Slain by an endoplasm (4 damage)
             ... on level 1 of the Dungeon.
             The game lasted 00:03:23 (97 turns).

soylentgreeen202 the Cudgeller (MeCK)                 Turns: 97, Time: 00:03:24

Health: -1/26      AC:  5    Str: 13    XL:     2   Next: 17%
Magic:  3/3        EV: 11    Int: 13    God:    Xom [..*...]
Gold:   0          SH:  0    Dex: 13    Spells: 1/1 levels left

rFire   . . .      SeeInvis .   a - +0 mace (chaos)
rCold   . . .      Faith    .   (no shield)
rNeg    . . .      Spirit   .   b - +2 leather armour
rPois   .          Reflect  .   (no helmet)
rElec   .          Harm     .   (no cloak)
rCorr   .          Rampage  .   (no gloves)
Will    .....                   (no boots)
Stlth   +.........              (no amulet)
HPRegen 0.08/turn               (no ring)
MPRegen 0.08/turn               (no ring)

@: glowing
A: sense surroundings 1, otherworldly, glowing, explore regen
a: Renounce Religion


You were on level 1 of the Dungeon.
You worshipped Xom.
You were a toy of Xom.
You visited 1 branch of the dungeon, and saw 1 of its levels.

Inventory:

Hand Weapons
 a - a +0 mace of chaos (weapon)
Armour
 b - a +2 leather armour (worn)
Potions
 d - a potion of mutation {unknown}
Miscellaneous
 c - a piece from Xom's chessboard (15/15) (quivered)


   Skills:
 - Level 3.2 Fighting
 + Level 4.7 Maces & Flails
 - Level 2.4 Armour
 - Level 1.2 Dodging


You had one spell level left.
You didn't know any spells.
Your spell library was empty.

Dungeon Overview and Level Annotations

Branches:
Dungeon (1/15) Zot: 497

Altars:


Innate Abilities, Weirdness & Mutations

You passively map a small area around you.
You are easily found by Zot.
You glow in the dark.
You regain HP and MP as you explore.


Message History

The endoplasm quivers.
You hit the hobgoblin. You burn the hobgoblin.
You kill the hobgoblin!
You hit the endoplasm but do no damage.
The endoplasm goes berserk!
The endoplasm barely misses you.
You barely miss the endoplasm. The endoplasm closely misses you.
The endoplasm hits you but does no damage.
You barely miss the endoplasm. The endoplasm closely misses you.
The endoplasm misses you.
You hit the endoplasm.
The endoplasm is lightly wounded.
The endoplasm hits you but does no damage.
The endoplasm barely misses you.
You barely miss the endoplasm.
The endoplasm is lightly wounded.
The endoplasm hits you. x2
* * * LOW HITPOINT WARNING * * *
You hit the endoplasm but do no damage.
The endoplasm is lightly wounded.
The endoplasm hits you.
* * * LOW HITPOINT WARNING * * *
You hit the endoplasm but do no damage.
The endoplasm is lightly wounded.
The endoplasm hits you but does no damage.
The endoplasm barely misses you.
You barely miss the endoplasm.
The endoplasm is lightly wounded.
The endoplasm hits you.
* * * LOW HITPOINT WARNING * * *
The endoplasm closely misses you.
The endoplasm hits you but does no damage.
The endoplasm hits you but does no damage.
A ball python comes into view.
The ball python hisses angrily.
The endoplasm hits you but does no damage.
The endoplasm attacks as you move away! The endoplasm misses you. x2
The endoplasm attacks as you move away!
The endoplasm hits you but does no damage.
The endoplasm hits you.
You die...

..#.# * *
#.#.###############*
...................
#.#.###........###* * ,
#.###....).....# *
#.........†....# *
#####...†......# *
+..........# *
#....S...J@########* ,
* #........##.......# *
.....#######.......+,,
, .?....#######.......#
, ....S....)..#.......#
* ,
,.....................+
* ,... * #...........#*
*, ,, , #†#.#.......# ,
* , , #.#..######....


You could see an endoplasm (berserk) and a ball python.

Vanquished Creatures
  A ball python (D:1)
  A bat (D:1)
  A giant cockroach (D:1)
  A goblin (D:1)
  A hobgoblin (D:1)
5 creatures vanquished.

Notes
Turn   | Place    | Note
-------+----------+-------------------------------------------
     0 | D:1      | soylentgreeen202 the Meteoran Chaos Knight began the quest
                  | for the Orb.
     0 | D:1      | Reached XP level 1. HP: 19/19 MP: 2/2
    60 | D:1      | XOM: smoke on damage
    62 | D:1      | Reached XP level 2. HP: 3/26 MP: 3/3
    97 | D:1      | Slain by an endoplasm

Illustrated notes

Levels and vault maps discovered:
D:1:      eino_arrival_water_cross, layout_basic, corexii_leaking_fountain

Action                   || total
-------------------------++-------
Melee: Mace              ||    24
Armor: Leather armour    ||    16
Dodge: Dodged            ||    27
